 Dungeon Crawl Stone Soup version 0.28.0-45-g0d030f2227 (webtiles) character file.

Game seed: 34909975608300957

26 seaoflcl the Skirmisher (level 3, -3/29 HPs)
             Began as a Human Fighter on Apr 10, 2022.
             Was a Follower of Elyvilon.
             Slain by Terence
             ... wielding a +0 flail
              (5 damage)
             ... on level 2 of the Dungeon.
             The game lasted 00:01:14 (1137 turns).

seaoflcl the Skirmisher (Human Fighter)             Turns: 1137, Time: 00:01:15

Health: -3/29      AC:  8    Str: 18    XL:     3   Next: 22%
Magic:  3/3        EV:  9    Int:  8    God:    Elyvilon [*.....]
Gold:   56         SH:  4    Dex: 12    Spells: 2/2 levels left

rFire   . . .      SeeInvis .   a - +0 long sword
rCold   . . .      Faith    .   c - +0 buckler
rNeg    . . .      Spirit   .   b - +0 scale mail
rPois   .          Reflect  .   h - +0 helmet
rElec   .          Harm     .   (no cloak)
rCorr   .          Rampage  .   (no gloves)
Will    .....                   (no boots)
Stlth   ..........              (no amulet)
HPRegen 0.09/turn               (no ring)
MPRegen 0.08/turn               (no ring)

@: no status effects
A: no striking features
a: Renounce Religion, Purification


You were on level 2 of the Dungeon.
You worshipped Elyvilon.
Elyvilon was aware of your devotion.
You visited 1 branch of the dungeon, and saw 2 of its levels.

You collected 56 gold pieces.

Inventory:

Hand Weapons
 a - a +0 long sword (weapon)
Armour
 b - a +0 scale mail (worn)
 c - a +0 buckler (worn)
 h - a +0 helmet (worn)
Scrolls
 e - a scroll of fear {unknown}
Potions
 d - a potion of might
 f - a potion of flight {unknown}
 g - a potion of lignification {unknown}


   Skills:
 + Level 3.3 Fighting
 + Level 2.4 Long Blades
 + Level 3.3 Armour
 + Level 0.1 Dodging
 + Level 3.1 Shields


You had 2 spell levels left.
You didn't know any spells.
Your spell library was empty.

Dungeon Overview and Level Annotations

Branches:
Dungeon (2/15)

Altars:
Elyvilon

Annotations:
D:2 Terence


Message History

Terence barely misses you. You block Terence's attack.
You hit Terence but do no damage.
Terence is lightly wounded.
Terence hits you with a +0 flail.
You hit Terence.
Terence is moderately wounded.
You block Terence's attack.
You hit Terence.
Terence is severely wounded.
Terence drinks a potion.
Terence is healed!
Terence hits you but does no damage.
You hit Terence.
Terence is moderately wounded.
Terence barely misses you.
You barely miss Terence.
Terence is moderately wounded.
Terence hits you with a +0 flail!
You closely miss Terence.
Terence is moderately wounded.
Terence hits you but does no damage. Terence hits you with a +0 flail.
You hit Terence but do no damage.
Terence is moderately wounded.
Terence hits you but does no damage.
You closely miss Terence.
Terence is moderately wounded.
You block Terence's attack.
You hit Terence but do no damage.
Terence is moderately wounded.
Terence hits you with a +0 flail.
* * * LOW HITPOINT WARNING * * *
Terence hits you with a +0 flail.
* * * LOW HITPOINT WARNING * * *
You hit Terence.
Terence is moderately wounded.
Terence hits you with a +0 flail.
* * * LOW HITPOINT WARNING * * *
You slash Terence!
Terence is almost dead.
Terence hits you with a +0 flail.
You die...

##.. ..# .... #
#.########
.....#.##.#......#
#.. #......[.†..<#
#.. #####.#.##...#
#.. #.#.###..#
#..######.#.# #..#
#.........#.# #..#
#.†@#######.# #..#
(......!@# #.#
#..# ###.......#
#.. ..<#
#...$.....# #..
...........+
...........#
.###########


You could see Terence.

Vanquished Creatures
  2 endoplasms (D:1)
  2 giant cockroaches
  2 goblins (D:1)
  3 hobgoblins (D:1)
  A quokka (D:1)
  4 ball pythons (D:1)
  5 bats
  2 frilled lizards (D:1)
  2 kobolds (D:1)
  A rat (D:1)
24 creatures vanquished.

Notes
Turn   | Place    | Note
-------+----------+-------------------------------------------
     0 | D:1      | seaoflcl the Human Fighter began the quest for the Orb.
     0 | D:1      | Reached XP level 1. HP: 18/18 MP: 1/1
    47 | D:1      | Found a faded altar of an unknown god.
   106 | D:1      | Prayed at the altar of an unknown god.
   106 | D:1      | Became a worshipper of Elyvilon the Healer
   106 | D:1      | Reached * piety under Elyvilon
   146 | D:1      | Reached XP level 2. HP: 24/24 MP: 2/2
   731 | D:1      | Reached XP level 3. HP: 28/29 MP: 3/3
  1122 | D:2      | Noticed Terence
  1137 | D:2      | Slain by Terence

Illustrated notes

Levels and vault maps discovered:
D:1:      grunt_arrival_crossed_arrows, layout_rooms, serial_aquarium,
          aquarium_bridge_straight [aquarium_subvault_bridge,
          aquarium_subvault_wall, aquarium_subvault_bridge,
          aquarium_subvault_wall], aquarium_bridge_square
          [aquarium_subvault_wall, aquarium_subvault_balcony,
          aquarium_subvault_bridge, aquarium_subvault_wall], aquarium_window_1,
          aquarium_window_3, aquarium_window_2, aquarium_view_2e,
          aquarium_view_2d, dreamdust_ecumenical_altar_statues
D:2:      layout_loops_corners, serial_shops, nicolae_shop_waterfront, shop,
          basic_altar, grunt_decor_junction, uniq_crazy_yiuf_cottage,
          uniq_natasha, uniq_terence

Action                   || total
-------------------------++-------
Melee: Long sword        ||    82
Armor: Scale mail        ||    39
Dodge: Dodged            ||    24
Block: Buckler           ||    21
